 Dungeon Sprint DCSS version 0.30.0-15-g856e2d3f33 (webtiles) character file.

Game seed: 10631124223400714617

21550 Groucho the Severer (level 12, -22/121 HPs)
             Began as a Minotaur Fighter on May 18, 2023.
             Was the Champion of Qazlal.
             Killed from afar by an ice dragon (41 damage)
             ... with a blast of cold
             ... in the Dungeon (Sprint IX: "|||||||||||||||||||||||||||||").
             The game lasted 00:11:20 (3337 turns).

Groucho the Severer (Minotaur Fighter)              Turns: 3337, Time: 00:11:21

Health: -22/121    AC: 29    Str: 26    XL:     12   Next: 55%
Magic:  12/23      EV: 13    Int:  5    God:    Qazlal [******]
Gold:   1908       SH: 15    Dex: 10    Spells: 11/11 levels left

rFire   + . .        n - +3 war axe (heavy)
rCold   . . .        c - +0 buckler
rNeg    . . .        y - +2 plate armour
rPois   .            (helmet restricted)
rElec   .            z - +1 cloak
rCorr   .            A - +1 pair of gloves
SInv    .            b - +0 pair of boots
Will    .....        (no amulet) Stlth
                     p - +2 ring of evasion
HPRegen 0.40/turn    w - ring of protection from fire
MPRegen 0.18/turn

%: no teleportation, repel missiles
@: protected from physical damage
A: horns 2, retaliatory headbutt
a: Renounce Religion, Upheaval, Elemental Force, Disaster Area


You were in the Dungeon.
You worshipped Qazlal.
Qazlal was exalted by your worship.
You visited 1 branch You collected 1908 gold pieces.

Inventory:

Hand Weapons
 i - a +0 war axe
 m - a +2 heavy morningstar
 n - a +3 heavy war axe (weapon)
Missiles
 r - 4 javelins (quivered)
Armour
 b - a +0 pair of boots (worn)
 c - a +0 buckler (worn)
 y - a +2 plate armour (worn)
 z - a +1 cloak (worn)
 A - a +1 pair of gloves (worn)
Jewellery
 p - a +2 ring of evasion (left hand)
 q - a ring of protection from fire
 w - a ring of protection from fire (right hand)
 x - a ring of poison resistance
Wands
 l - a wand of roots (10)
Scrolls
 j - 5 scrolls of blinking
 k - 2 scrolls of amnesia
 t - 3 scrolls of identify
 u - 2 scrolls of enchant armour
 v - 3 scrolls of fog
Potions
 a - a potion of berserk rage
 d - 2 potions of might
 e - 5 potions of curing
 g - a potion of haste
 h - 4 potions of magic
 o - 2 potions of mutation
 s - 2 potions of brilliance


   Skills:
 + Level 15.5 Fighting
 * Level 18.1 Axes
 + Level 15.5 Armour
 + Level 12.9 Dodging
 + Level 15.5 Shields
 * Level 16.4 Invocations


You had 11 spell levels left.
You didn't know any spells.
Your spell library contained the following spells:

 Spells                   Type           Power      Damage    Failure   Level
 Portal Projectile        Hex/Tloc       0%         N/A       100%        3
 Summon Guardian Golem    Hex/Summ       0%         N/A       100%        3
 Cause Fear               Hex            0%         N/A       100%        4
 Leda's Liquefaction      Hex/Erth       0%         N/A       100%        4


Dungeon Overview and Level Annotations

Branches:
Dungeon (1/1)

Altars:
Cheibriados
Dithmenos
Elyvilon
Fedhas
Gozag
Hepliaklqana
Kikubaaqudgha
Makhleb
Nemelex Xobeh
Okawaru
Qazlal
Ru
Sif Muna
Trog
Uskayaw
Vehumet
Wu Jian
Xom
Yredelemnul
Zin
The Shining One
Jiyva
Lugonu

Shops:
D *(!(


Innate Abilities, Weirdness & Mutations

You have a pair of horns on your head.
You reflexively headbutt those who attack you in melee.


Message History

Unknown command.
You slice the frost giant!! You headbutt the frost giant.
You kill the frost giant!
Qazlal accepts your kill.
Your Axes skill increases to level 18!
Unknown command.
You barely miss the ice dragon.
The ice dragon is heavily wounded.
The ice dragon closely misses you. You block the ice dragon's attack. x2
Unknown command.
You hit the ice dragon but do no damage.
The ice dragon is heavily wounded.
The ice dragon bites you.
* * * LOW HITPOINT WARNING * * *
Your resistance to cold fades away.
You feel protected from physical attacks.
The ice dragon claws you!
* * * LOW HITPOINT WARNING * * *
The ice dragon tramples you but does no damage.
Unknown command.
You slice the ice dragon!!
You headbutt the ice dragon, but do no damage.
The ice dragon is heavily wounded.
The ice dragon breathes frost at you.
The blast of cold is repelled.
The ice dragon barely misses you. The ice dragon closely misses you.
The ice dragon barely misses you.
Unknown command.
Unknown command.
You completely miss the ice dragon.
The ice dragon is heavily wounded.
The ice dragon bites you but does no damage.
The ice dragon claws you but does no damage.
You block the ice dragon's attack.
Unknown command.
Unknown command.
You slice the ice dragon!! Your headbutt misses the ice dragon.
The ice dragon is almost dead.
The ice dragon breathes frost at you. The blast of cold hits you!!!
You die...

▓)▓.▓.▓.▓.▓.▓
▓.▓.▓.▓.▓∩▓.▓.▓
▓.▓.▓.▓.▓)▓.▓.▓
▓.▓.▓.▓.▓∩▓.▓.▓
▓.▓.▓.▓.▓.▓.▓.▓
▓[▓.▓.▓.▓∩▓.▓)▓
▓.▓.▓.▓.▓)▓.▓.▓
▓)▓.▓.▓.▓.▓.▓D▓
▓.▓.▓.▓.▓)▓.▓@▓
▓.▓.▓.▓.▓)▓.▓)▓
▓'▓.▓†▓.▓)▓.▓.▓
▓_▓.▓.▓.▓)▓.▓.▓
▓_▓.▓.▓.▓.▓.▓.▓
▓_▓.▓.▓.▓.▓.▓.▓
▓_▓.▓.▓.▓.▓.▓.▓
▓_▓.▓.▓.▓.▓.▓.▓
▓_▓.▓÷▓.▓.▓.▓≈▓


You could see an ice dragon (catching breath).

Vanquished Creatures
  3 frost giants (D)
  An ettin (D)
  2 boulder beetles (D)
  3 centaur warriors (D)
  2 tengu warriors (D)
  A two-headed ogre (D)
  An orc high priest (D)
  Urug (D)
  Sonja (D)
  10 orc sorcerers (D)
  2 manticores (D)
  An elephant (D)
  A cane toad (D)
  2 black mambas (D)
  A komodo dragon (D)
  3 rime drakes (D)
  2 trolls (D)
  4 polar bears (D)
  2 slime creatures (D)
  3 yaks (D)
  Eustachio (D)
  A basilisk (D)
  A vampire mosquito (D)
  4 water moccasins (D)
  12 orc warriors (D)
  5 black bears (D)
  A wolf (D)
  A phantom (D)
  A kobold brigand (D)
  A bullfrog (D)
  A wight (D)
  A jelly (D)
  A hound (D)
  4 orc priests (D)
  2 hell rats (D)
  6 orc wizards (D)
  An adder (D)
  A shadow imp (D)
  6 orcs (D)
  An endoplasm (D)
  A goblin (D)
  A hobgoblin (D)
  2 ball pythons (D)
102 creatures vanquished.

Notes
Turn   | Place    | Note
-------+----------+-------------------------------------------
     0 | D        | Groucho the Minotaur Fighter began the quest for the Orb.
     0 | D        | Reached XP level 1. HP: 19/19 MP: 0/0
     9 | D        | Reached skill level 3 in Axes
    18 | D        | Noticed a phantom
    18 | D        | Noticed a jelly
    18 | D        | Noticed a hound
    20 | D        | Killed a hound
    21 | D        | Reached skill level 5 in Fighting
    21 | D        | Reached skill level 4 in Axes
    21 | D        | Reached skill level 5 in Armour
    21 | D        | Reached skill level 5 in Shields
    21 | D        | Reached XP level 2. HP: 29/29 MP: 1/1
    21 | D        | Reached XP level 3. HP: 36/36 MP: 2/2
    29 | D        | Reached skill level 5 in Axes
    29 | D        | Reached XP level 4. HP: 44/44 MP: 3/3
    34 | D        | Killed a phantom
    35 | D        | Reached skill level 6 in Axes
    35 | D        | Reached XP level 5. HP: 29/52 MP: 4/4
    40 | D        | Found a snail-covered altar of Cheibriados.
    40 | D        | Found a shadowy altar of Dithmenos.
    40 | D        | Found a white marble altar of Elyvilon.
    40 | D        | Found a blossoming altar of Fedhas.
    40 | D        | Found an opulent altar of Gozag.
    41 | D        | Found a hazy altar of Hepliaklqana.
    42 | D        | Found a viscous altar of Jiyva.
    43 | D        | Found an ancient bone altar of Kikubaaqudgha.
    44 | D        | Found a corrupted altar of Lugonu.
    45 | D        | Found a burning altar of Makhleb.
    46 | D        | Found a sparkling altar of Nemelex Xobeh.
    47 | D        | Found an iron altar of Okawaru.
    48 | D        | Found a stormy altar of Qazlal.
    49 | D        | Found a sacrificial altar of Ru.
    50 | D        | Found a shimmering blue altar of Sif Muna.
    51 | D        | Found a bloodstained altar of Trog.
    52 | D        | Found a hide-covered altar of Uskayaw.
    53 | D        | Found a radiant altar of Vehumet.
    54 | D        | Found an ornate altar of the Wu Jian Council.
    55 | D        | Found a shimmering altar of Xom.
    56 | D        | Found a basalt altar of Yredelemnul.
    58 | D        | Became a worshipper of Qazlal Stormbringer
    60 | D        | Found a glowing silver altar of Zin.
    61 | D        | Found a glowing golden altar of the Shining One.
   107 | D        | Noticed a yak
   107 | D        | Noticed a yak
   107 | D        | Noticed a vampire mosquito
   107 | D        | Noticed a troll
   111 | D        | Killed a troll
   112 | D        | Reached skill level 7 in Axes
   112 | D        | Reached XP level 6. HP: 42/61 MP: 4/8
   113 | D        | Killed a vampire mosquito
   114 | D        | Reached skill level 8 in Axes
   114 | D        | Reached skill level 5 in Invocations
   115 | D        | Killed a yak
   115 | D        | Reached * piety under Qazlal
   116 | D        | Reached XP level 7. HP: 51/70 MP: 4/10
   119 | D        | Reached skill level 5 in Dodging
   122 | D        | Killed a yak
   122 | D        | Reached ** piety under Qazlal
   123 | D        | Reached skill level 9 in Axes
   484 | D        | Noticed a slime creature
   484 | D        | Noticed a troll
   484 | D        | Noticed a basilisk
   484 | D        | Noticed a centaur warrior
   484 | D        | Noticed a two-headed ogre
   490 | D        | Killed a two-headed ogre
   491 | D        | Reached skill level 10 in Fighting
   491 | D        | Reached skill level 10 in Armour
   491 | D        | Reached skill level 10 in Shields
   491 | D        | Reached XP level 8. HP: 52/79 MP: 11/13
   493 | D        | Killed a centaur warrior
   494 | D        | Reached skill level 10 in Axes
   494 | D        | Reached XP level 9. HP: 55/86 MP: 11/15
   496 | D        | Reached *** piety under Qazlal
   497 | D        | Reached skill level 10 in Invocations
   497 | D        | Killed a troll
   894 | D        | Noticed Urug
   904 | D        | Killed Urug
   905 | D        | Reached skill level 11 in Axes
  1087 | D        | Noticed a black mamba
  1087 | D        | Noticed a black mamba
  1087 | D        | Noticed a komodo dragon
  1094 | D        | Reached **** piety under Qazlal
  1097 | D        | Killed a komodo dragon
  1100 | D        | Killed a black mamba
  1101 | D        | Reached XP level 10. HP: 66/97 MP: 17/17
  1103 | D        | Killed a black mamba
  1105 | D        | Reached skill level 12 in Axes
  1108 | D        | Reached ***** piety under Qazlal
  1423 | D        | Noticed an elephant
  1428 | D        | Killed an elephant
  1431 | D        | Noticed a cane toad
  1443 | D        | Reached skill level 13 in Axes
  1444 | D        | Killed a cane toad
  1646 | D        | Reached ****** piety under Qazlal
  1647 | D        | Reached skill level 10 in Dodging
  1703 | D        | Got the Reference Book on Anathema
  1738 | D        | Noticed Eustachio
  1743 | D        | Killed Eustachio
  1817 | D        | Noticed an orc sorcerer
  1820 | D        | Reached XP level 11. HP: 107/107 MP: 12/19
  1829 | D        | Killed an orc sorcerer
  1830 | D        | Reached skill level 14 in Axes
  2028 | D        | Noticed an orc high priest
  2039 | D        | Killed an orc high priest
  2341 | D        | Found Vemp's Antique Weapon Boutique.
  2341 | D        | Noticed an orc sorcerer
  2341 | D        | Noticed an orc sorcerer
  2341 | D        | Noticed an orc sorcerer
  2341 | D        | Noticed an orc sorcerer
  2346 | D        | Killed an orc sorcerer
  2351 | D        | Killed an orc sorcerer
  2351 | D        | Killed an orc sorcerer
  2352 | D        | Reached skill level 15 in Axes
  2353 | D        | Noticed an orc sorcerer
  2354 | D        | Killed an orc sorcerer
  2356 | D        | Killed an orc sorcerer
  2806 | D        | Found Alowah's Distillery.
  2811 | D        | Found Yhywimm's Antique Weapon Boutique.
  2815 | D        | Found Kepoutz's Assorted Antiques.
  2815 | D        | Noticed an orc sorcerer
  2816 | D        | Noticed an orc sorcerer
  2817 | D        | Noticed an orc sorcerer
  2818 | D        | Noticed an orc sorcerer
  2821 | D        | Killed an orc sorcerer
  2825 | D        | Killed an orc sorcerer
  2826 | D        | Killed an orc sorcerer
  2826 | D        | Killed an orc sorcerer
  2827 | D        | Reached skill level 16 in Axes
  3026 | D        | Noticed Sonja
  3040 | D        | Killed Sonja
  3299 | D        | Noticed a centaur warrior
  3299 | D        | Noticed a centaur warrior
  3299 | D        | Noticed a tengu warrior
  3299 | D        | Noticed a boulder beetle
  3300 | D        | Killed a centaur warrior
  3300 | D        | Killed a centaur warrior
  3301 | D        | Reached skill level 15 in Invocations
  3301 | D        | Reached XP level 12. HP: 118/118 MP: 13/22
  3302 | D        | Noticed a boulder beetle
  3307 | D        | Killed a boulder beetle
  3308 | D        | Killed a tengu warrior
  3310 | D        | Noticed a frost giant
  3311 | D        | Noticed an ettin
  3312 | D        | Reached skill level 17 in Axes
  3313 | D        | Noticed a tengu warrior
  3314 | D        | Noticed a frost giant
  3315 | D        | Reached skill level 15 in Armour
  3316 | D        | Noticed a frost giant
  3317 | D        | Killed a boulder beetle
  3318 | D        | Reached skill level 15 in Shields
  3318 | D        | Noticed an ice dragon
  3321 | D        | Killed a tengu warrior
  3322 | D        | Reached skill level 15 in Fighting
  3324 | D        | Killed a frost giant
  3326 | D        | Killed an ettin
  3327 | D        | Killed a frost giant
  3332 | D        | Killed a frost giant
  3333 | D        | Reached skill level 18 in Axes
  3337 | D        | Killed from afar by an ice dragon

Illustrated notes

Levels and vault maps discovered:
D:        linesprint [early_d, line_temple, items_1, d_10, items_2, lair_1,
          lair_end, items_3, orc_1, orc_end, items_4, d_15, swamp_1, shoals_1,
          snake_1, spider_1, d_20, vaults_1, items_5, swamp_end, shoals_end,
          snake_end, spider_end, vaults_end, d_27, items_6, zot_1, zot_end,
          crypt_end, forest_end, elf_end, slime_end, tomb_end, abyss_end,
          pan_hell_end]

Skill      XL: |  1  2  3  4  5  6  7  8  9 10 11 12 |
---------------+-------------------------------------+-----
Fighting       | 5 6 7 8 9 10 11 13 14 15 | 15.5
Axes           | 4 5 6 7 8 9 10 11 13 16 18 | 18.1
Armour         | 5 6 7 8 9 10 12 13 14 15 | 15.5
Shields        | 5 6 7 8 9 10 11 13 14 15 | 15.5
Dodging        | 3 4 6 7 8 10 12 | 12.9
Invocations    | 4 6 8 9 11 13 15 16 | 16.4

Action                     |  1- 3 |  4- 6 |  7- 9 | 10-12 || total
---------------------------+-------+-------+-------+-------++-------
  Melee: War axe           |    15 |    12 |    34 |   152 ||   213
         Headbutt          |     2 |     3 |     7 |    33 ||    45
 Invoke: Upheaval          |       |       |     4 |    16 ||    20
         Disaster Area     |       |       |       |     2 ||     2
    Use: Potion            |     1 |     2 |     2 |     6 ||    11
   Stab: Invisible         |       |     2 |     2 |       ||     4
 Armour: Scale mail        |     3 |     4 |    11 |    34 ||    52
         Plate armour      |       |       |       |     5 ||     5
  Dodge: Dodged            |     5 |     9 |    18 |    68 ||   100
         Repelled          |       |       |       |     3 ||     3
  Block: Buckler           |     1 |     6 |    15 |   111 ||   133
